 Dungeon Crawl Stone Soup version 0.29.1-1-gd02db6906a (webtiles) character file.

Game seed: 2067289184275672262

512 Pepete the Chopper (level 7, -9/54 HPs)
             Began as a Formicid Fighter on Sept 22, 2022.
             Mangled by an ice beast (14 damage)
             ... on level 5 of the Dungeon.
             The game lasted 00:07:36 (4400 turns).

Pepete the Chopper (Formicid Fighter)               Turns: 4400, Time: 00:07:37

Health: -9/54      AC: 14    Str: 18 (20) XL:     7   Next: 43%
Magic:  7/7        EV:  5    Int:  6 (8)  God:
Gold:   216        SH:  5    Dex: 11 (13) Spells: 6/6 levels left

rFire   . . .      SeeInvis +   a - +0 war axe
rCold   . . .      Faith    .   c - +0 buckler
rNeg    . . .      Spirit   .   z - +0 plate armour
rPois   .          Reflect  .   (helmet unavailable)
rElec   .          Harm     .   u - +0 cloak
rCorr   .          Rampage  .   (no gloves)
Will    .....                   j - +0 pair of boots
Stlth   ..........              (no amulet)
HPRegen 0.00/turn               (no ring)
MPRegen 0.10/turn               (no ring)

@: mighty, flying, inhibited regen
A: permanent stasis, dig shafts and tunnels, antennae 3, four strong arms,
hooves 1, inhibited regeneration, weak 1
a: Dig, Shaft Self


You were on level 5 of the Dungeon.
You visited 1 branch of the dungeon, and saw 5 of its levels.

You collected 216 gold pieces.

Inventory:

Hand Weapons
 a - a +0 war axe (weapon)
Armour
 c - a +0 buckler (worn)
 j - a +0 pair of boots (worn)
 u - a +0 cloak (worn)
 z - a +0 plate armour (worn)
Jewellery
 b - a +6 ring of dexterity
Wands
 q - a wand of polymorph (4)
 v - a wand of iceblast (8)
Scrolls
 e - 2 scrolls of amnesia {unknown}
 f - 5 scrolls of identify {unknown}
 g - a scroll of vulnerability {unknown}
 m - 2 scrolls of immolation {unknown}
 n - 5 scrolls of teleportation {unknown}
 p - a scroll of butterflies {unknown}
 r - a scroll of brand weapon {unknown}
 w - 4 scrolls of enchant weapon {unknown}
 y - 2 scrolls of enchant armour {unknown}
Potions
 d - 2 potions of might
 h - a potion of mutation
 i - a potion of invisibility
 k - a potion of flight
 l - a potion of curing
 s - a potion of berserk rage
 t - a potion of degeneration
 x - 2 potions of cancellation {unknown}


   Skills:
 * Level 4.3 Fighting
 * Level 5.5 Axes
 * Level 4.9 Armour
 + Level 0.5 Dodging
 + Level 0.5 Stealth
 * Level 5.3 Shields


You had 6 spell levels left.
You didn't know any spells.
Your spell library contained the following spells:

 Spells                   Type           Power      Damage    Failure   Level
 Beastly Appendage        Tmut           0%         N/A       100%        1
 Static Discharge         Conj/Air       0%         3-3/arc   100%        2
 Sublimation of Blood     Necr           0%         N/A       100%        2
 Wereblood                Tmut           0%         N/A       100%        2
 Gell's Gravitas          Tloc           0%         N/A       100%        3
 Spider Form              Tmut/Pois      0%         N/A       100%        3
 Teleport Other           Tloc           0%         N/A       100%        3
 Dispel Undead            Necr           0%         3d6       100%        4
 Sticky Flame             Conj/Fire      0%         2d3       100%        4
 Dispersal                Tloc           0%         N/A       100%        6
 Summon Hydra             Summ           0%         N/A       100%        7


Dungeon Overview and Level Annotations

Branches:
Dungeon (5/15)
 Temple: D:4-7

Altars:
Ashenzari
Cheibriados
Ru


Innate Abilities, Weirdness & Mutations

You cannot be hasted, slowed, berserked, paralysed or teleported.
You can dig through walls and to a lower floor.
You have a pair of large antennae on your head. (SInv)
Your four strong arms can wield two-handed weapons with a shield.
You have large cloven feet.
You do not regenerate when monsters are visible.
You are weak. (Str -2)


Message History

The black bear claws you but does no damage. x2
The scorpion stings you but does no damage.
The ice beast hits you but does no damage.
It was a potion of curing.
You feel better. The black bear bites you.
The black bear claws you but does no damage. x2
The scorpion barely misses you.
The ice beast hits you but does no damage.
The black bear bites you.
* * * LOW HITPOINT WARNING * * *
The black bear claws you but does no damage.
The black bear claws you.
* * * LOW HITPOINT WARNING * * *
It was a potion of haste.
Your stasis prevents you from being hasted.
The scorpion stings you.
* * * LOW HITPOINT WARNING * * *
The black bear barely misses you. You block the black bear's attack.
The black bear claws you but does no damage.
You block the ice beast's attack.
The scorpion stings you but does no damage.
It was a potion of berserk rage.
Your stasis prevents you from going berserk.
The black bear bites you.
* * * LOW HITPOINT WARNING * * *
The black bear barely misses you.
The black bear claws you but does no damage.
You block the ice beast's attack.
The black bear bites you but does no damage.
The black bear closely misses you.
The black bear claws you but does no damage.
The scorpion stings you but does no damage.
It was a potion of degeneration.
There was something very wrong with that liquid.
You feel weakened.
You feel dopey.
You feel clumsy.
The black bear bites you but does no damage.
The black bear claws you but does no damage.
The black bear barely misses you. The ice beast hits you.
* * * LOW HITPOINT WARNING * * *
The ice beast freezes you!
You die...

....##.........
....##........ ..# ....
....# ###.### ..# #....
....###...# #.##.....
######....# #........
.###.#..#### ##........
.....##....# ##.........
...........# #.shY......
......#.#..####.@.......
......#.#....##.....##..
.................!.##
...................#
#..................#
......................
..............#...)...
............#####.##.
........#.... .#


You could see a black bear (berserk), an ice beast and a scorpion.

Vanquished Creatures
  A black bear (D:4)
  A phantom (D:5)
  2 scorpions
  Crazy Yiuf (D:3)
  An iguana (D:5)
  Ijyb (D:3)
  Robin (D:2)
  An adder (D:2)
  A worm (D:2)
  2 dart slugs
  7 orcs
  11 endoplasms
  14 goblins
  12 hobgoblins
  18 jackals
  5 kobolds
  4 quokkas
  7 ball pythons
  9 bats
  4 frilled lizards
  A goblin zombie (D:4)
  10 rats
  A rat zombie (D:4)
115 creatures vanquished.

Notes
Turn   | Place    | Note
-------+----------+-------------------------------------------
     0 | D:1      | Pepete the Formicid Fighter began the quest for the Orb.
     0 | D:1      | Reached XP level 1. HP: 18/18 MP: 1/1
   200 | D:1      | Reached XP level 2. HP: 24/24 MP: 2/2
   536 | D:1      | Reached XP level 3. HP: 22/29 MP: 3/3
   744 | D:1      | You fall into a shaft and drop 1 floor!
  1111 | D:1      | Found a faded altar of an unknown god.
  1315 | D:2      | Reached XP level 4. HP: 37/37 MP: 4/4
  1832 | D:2      | Noticed Robin
  1840 | D:2      | Killed Robin
  1842 | D:2      | Reached XP level 5. HP: 27/42 MP: 5/5
  2097 | D:3      | Found a sacrificial altar of Ru.
  2330 | D:3      | Noticed Ijyb
  2343 | D:3      | Killed Ijyb
  2787 | D:3      | Found a runed translucent door.
  2788 | D:3      | Noticed Crazy Yiuf
  2891 | D:3      | Killed Crazy Yiuf
  2892 | D:3      | Reached XP level 6. HP: 48/48 MP: 6/6
  3119 | D:4      | Reached skill level 5 in Shields
  3510 | D:4      | Noticed a black bear
  3516 | D:4      | Killed a black bear
  3970 | D:5      | Entered Level 5 of the Dungeon
  4005 | D:5      | Reached skill level 5 in Axes
  4005 | D:5      | Reached XP level 7. HP: 46/54 MP: 7/7
  4272 | D:5      | Found a broken altar of Ashenzari.
  4284 | D:5      | Found a snail-covered altar of Cheibriados.
  4395 | D:5      | Gained mutation: You have large cloven feet. [potion of
                  | mutation]
  4395 | D:5      | Gained mutation: You do not regenerate when monsters are
                  | visible. [potion of mutation]
  4395 | D:5      | Gained mutation: You are weak. (Str -2) [potion of
                  | mutation]
  4400 | D:5      | Mangled by an ice beast

Illustrated notes

Levels and vault maps discovered:
D:1:      amcnicky_arrival_blooded_trapdoor, layout_basic,
          ebering_ecumenical_altar_hall, minmay_pentomino_x4
D:2:      layout_basic, hangedman_feature_mirror, uniq_robin
D:3:      layout_rooms, nicolae_ru_path_of_blood, uniq_ijyb,
          uniq_crazy_yiuf_cottage
D:4:      layout_basic, enter_ossuary_3
D:5:      layout_cave_pools, amethyst_overflow_temple_binary

Skill      XL: |  1  2  3  4  5  6 |
---------------+-------------------+-----
Axes           | 3 4 5 |  5.5
Fighting       | 4 |  4.3
Armour         | 4 |  4.9
Shields        | 5 |  5.3
Dodging        | |  0.5
Stealth        | |  0.5

Action                   |  1- 3 |  4- 6 |  7- 9 || total
-------------------------+-------+-------+-------++-------
Melee: War axe           |    71 |   188 |    19 ||   278
       Unarmed           |       |     4 |       ||     4
  Use: Potion            |       |     1 |     7 ||     8
Armor: Scale mail        |    30 |    86 |       ||   116
       Skin              |       |     1 |       ||     1
       Plate armour      |       |    16 |    39 ||    55
Dodge: Dodged            |    45 |    80 |    11 ||   136
Block: Buckler           |    15 |    47 |    13 ||    75
